 Dungeon Crawl Stone Soup version 0.31-a0-1620-gcbf77bbcfc (webtiles) character file.

Game seed: 10019266885500931916

3341 Flugslaktarn the Fighter (level 9, -2/85 HPs)
             Began as a Minotaur Fighter on Jan 11, 2024.
             Was a Believer of Cheibriados.
             Slain by Grum
             ... wielding a -1 spear of flaming
              (13 damage)
             ... on level 8 of the Dungeon.
             The game lasted 00:03:16 (7176 turns).

Flugslaktarn the Fighter (Minotaur Fighter)         Turns: 7176, Time: 00:03:16

Health: -2/85      AC: 15    Str: 30    XL:     9   Next: 72%
Magic:  11/11      EV: 12    Int: 14    God:    Cheibriados [**....]
Gold:   363        SH:  5    Dex: 15    Spells: 8/8 levels left

rFire   . . .        a - +0 war axe (heavy)
rCold   . . .        c - +0 buckler
rNeg    + . .        n - +5 scale mail of Tuegud Bufu {Rampage rN+ Int+4 SInv}
rPois   .            (helmet restricted)
rElec   .            B - +1 cloak
rCorr   .            (no gloves)
SInv    +            (no boots)
Will    .....        (no amulet) Stlth
                     (no ring)
HPRegen 0.34/turn    (no ring)
MPRegen 0.12/turn

%: rampage
@: hasted
A: horns 2, retaliatory headbutt
a: Renounce Religion, Bend Time


You were on level 8 of the Dungeon.
You worshipped Cheibriados.
Cheibriados was pleased with you.
You visited 2 branches of the dungeon, and saw 9 of its levels.

You collected 363 gold pieces.

Inventory:

Hand Weapons
 a - a +0 heavy war axe (weapon)
Armour
 b - a +0 scale mail
 c - a +0 buckler (worn)
 n - the +5 scale mail of Tuegud Bufu (worn) {Rampage rN+ Int+4 SInv}
   (You found it on level 2 of the Dungeon)

   Int+4:     It affects your intelligence (+4).
   rN+:       It protects you from negative energy.
   SInv:      It lets you see invisible.
   Rampage:   It bestows one free step when moving towards enemies.
   Cheibriados disapproves of the use of such an item.
 B - a +1 cloak (worn)
   (You found it on level 1 of the Dungeon)
Jewellery
 f - a ring of protection from fire
   (You found it on level 7 of the Dungeon)
 i - a ring of see invisible
   (You found it on level 3 of the Dungeon)
 j - a +4 ring of slaying
   (You took it off a gnoll bouda on level 6 of the Dungeon)
 v - a +5 ring of evasion
   (You found it on level 7 of the Dungeon)
 y - the ring "Inouben" {Ice rPois rN+}
   (You found it on level 6 of the Dungeon)

   [ring of ice]

   Ice:       It enhances your ice magic.
   rF-:       It makes you vulnerable to fire.
   rC+:       It protects you from cold.
   rPois:     It protects you from poison rN+: It protects you from negative
   energy.
Wands
 o - a wand of paralysis (9)
   (You took it off Ijyb on level 3 of the Dungeon)
 C - a wand of iceblast (6)
   (You found it on level 8 of the Dungeon)
Scrolls
 e - a scroll of summoning
 g - a scroll of amnesia {unknown}
 k - 6 scrolls of vulnerability
 m - 2 scrolls of enchant armour
 p - a scroll of immolation
 r - 2 scrolls of identify
 t - 2 scrolls of teleportation
 u - a scroll of fog {unknown}
 x - 3 scrolls of enchant weapon {unknown}
 E - 2 scrolls of blinking {unknown}
Potions
 d - a potion of might
 h - a potion of haste
 l - 2 potions of magic
 q - a potion of curing
 s - a potion of ambrosia {unknown}
 w - a potion of cancellation {unknown}
 z - 2 potions of lignification
 A - a potion of berserk rage {unknown}
 D - 2 potions of heal wounds {unknown}


   Skills:
 * Level 9.8 Fighting
 * Level 9.4 Axes
 + Level 7.4 Armour
 + Level 3.6 Dodging
 - Level 6.0 Shields
 + Level 4.0 Invocations


You had 8 spell levels left.
You didn't know any spells.
Your spell library contained the following spells:

 Spells                   Type           Power      Damage    Failure   Level
 Kiss of Death            Conj/Necr      0%         2d5       54%         1
 Ensorcelled Hibernation  Hex/Ice        0%         N/A       67%         2
 Confusing Touch          Hex            0%         N/A       88%         3
 Fugue of the Fallen      Necr           0%         N/A       88%         3
 Tukima's Dance           Hex            0%         N/A       88%         3
 Anguish                  Hex/Necr       0%         N/A       99%         4
 Dimensional Bullseye     Hex/Tloc       0%         N/A       99%         4
 Dispel Undead            Necr           0%         3d6       99%         4
 Iskenderun's Mystic Bla  Conj/Tloc      0%         2d3       99%         4


Dungeon Overview and Level Annotations

Branches:
Dungeon (8/15)             Temple (1/1) D:4
   Lair: D:8-11

Altars:
Ashenzari
Cheibriados
Dithmenos
Elyvilon
Fedhas
Gozag
Hepliaklqana
Kikubaaqudgha
Nemelex Xobeh
Okawaru
Qazlal
Ru
Sif Muna
Trog
Vehumet
Wu Jian
Xom
Zin

Portals:
Bailey: D:8

Annotations:
D:8 Grum


Innate Abilities, Weirdness & Mutations

You have a pair of horns on your head.
You reflexively headbutt those who attack you in melee.


Message History

You block the wolf's attack. The wolf bites you but does no damage.
The two-headed ogre hits you with a +0 giant spiked club!!
* * * LOW HITPOINT WARNING * * *
The two-headed ogre closely misses you. The wolf barely misses you.
You furiously retaliate!
You headbutt the wolf! You barely miss the two-headed ogre.
You headbutt the two-headed ogre!
The two-headed ogre is severely wounded.
You slash the wolf!
You kill the wolf!
Cheibriados thoroughly appreciates the change of pace.
Cheibriados raises the support of your attributes as your movement slows.
The two-headed ogre barely misses you. You block the two-headed ogre's attack.
Your Armour skill increases to level 7!
Your Dodging skill increases to level 3!
You are too injured to fight recklessly!
You are too injured to fight recklessly!
You are too injured to fight recklessly!
You slice the two-headed ogre!!
You kill the two-headed ogre!
Cheibriados appreciates the change of pace.
Your Axes skill increases to level 9!
Your Invocations skill increases to level 4!
Things that are here:
a +0 giant spiked club; a +0 dire flail
h - a wand of iceblast (6)
You start resting.
You hear the faint creaking of a portcullis.
You start resting.
An orc wizard is nearby!
An orc wizard is nearby!
Unknown command.
The orc wizard shouts!
The orc wizard gestures at you while chanting.
The puff of flame hits you!
The orc wizard hits you but does no damage.
The orc wizard barely misses you.
You are too injured to fight recklessly!
The orc wizard closely misses you.
The orc wizard hits you but does no damage.
You are too injured to fight recklessly!
A wolf comes into view.
The orc wizard attacks as it pursues you!
The orc wizard closely misses you.
You are too injured to fight recklessly!
There are monsters nearby!
You are too injured to fight recklessly!
You closely miss the orc wizard.
The wolf howls!
You block the orc wizard's attack.
The orc wizard hits you but does no damage.
You are too injured to fight recklessly!
You barely miss the orc wizard.
Grum growls angrily.
The orc wizard gestures at you while chanting.
The magic dart hits you but does no damage.
You closely miss the orc wizard. You block the orc wizard's attack.
The wolf misses you.
The orc wizard points at you and mumbles some strange words.
You easily resist.
The wolf closely misses you. The wolf bites you but does no damage.
The orc wizard barely misses you. The wolf bites you but does no damage.
Grum hits you from afar with a -1 spear of flaming!
Grum burns you.
* * * LOW HITPOINT WARNING * * *
You block the wolf's attack. You block Grum's attack.
The wolf barely misses you. You furiously retaliate!
You headbutt the wolf. The orc wizard closely misses you.
Things that are here:
a +0 hand axe; an orc corpse You are too injured to fight recklessly!
The wolf bites you.
* * * LOW HITPOINT WARNING * * *
Grum barely misses you. The wolf bites you but does no damage.
Grum hits you but does no damage.
You are too injured to fight recklessly!
You are too injured to fight recklessly!
You slice the wolf!!
You kill the wolf!
Cheibriados thoroughly appreciates the change of pace.
You slash the orc wizard!
The orc wizard points at you and mumbles some strange words.
The puff of flame hits you but does no damage.
Grum hits you from afar with a -1 spear of flaming!
* * * LOW HITPOINT WARNING * * *
Grum burns you.
* * * LOW HITPOINT WARNING * * *
The orc wizard hits you but does no damage.
Okay, then.
It was a potion of haste.
You feel yourself speed up.
Cheibriados forgives your accidental hurry, just this once.
h - a potion of haste;
C - a wand of iceblast (6) Grum hits you from afar with a -1 spear of flaming.
* * * LOW HITPOINT WARNING * * *
Grum burns you.
* * * LOW HITPOINT WARNING * * *
The orc wizard barely misses you.
As you read the scroll of summoning, it crumbles to dust.
Wisps of shadow whirl around you...
Grum hits you from afar with a -1 spear of flaming!
You die...

#..# ### #.. ..#
#..####.#
#....#.###
####)....##
##..y..y.##
..#####<†y......#
........o)y.....#
...).oo.@.g.....#
..)o).............
...)..#.....y......
#.....#.........##.
##...[#.........#
g.....$..........
#####.#.........#
#.........


You could see Grum (ally target), an orc wizard (ally target), 5 friendly killer
bees, a friendly orc wizard (summoned) and 2 friendly orcs.

Vanquished Creatures
  A two-headed ogre (D:8)
  Eustachio (D:4)
  A steam dragon (D:7)
  2 sky beasts (D:7)
  3 ice beasts
  2 black bears
  2 wolves (D:8)
  2 centaurs
  A kobold brigand (D:7)
  4 scorpions
  5 wights (D:7)
  2 howler monkeys
  3 jellies
  A gnoll bouda (D:6)
  A hound (D:4)
  3 sleepcaps
  3 orc priests
  2 iguanas
  Ijyb (D:3)
  6 orc wizards
  Robin (D:2)
  7 adders
  8 gnolls
  2 river rats (D:6)
  2 shadow imps (D:6)
  4 white imps
  6 ufetubi
  4 dart slugs
  2 ribbon worms (D:2)
  13 orcs
  4 endoplasms
  7 giant cockroaches
  14 goblins
  10 hobgoblins
  13 kobolds
  8 quokkas
  8 ball pythons
  6 bats
  2 frilled lizards
  9 rats
176 creatures vanquished.

Notes
Turn   | Place    | Note
-------+----------+-------------------------------------------
     0 | D:1      | Flugslaktarn the Minotaur Fighter began the quest for the
                  | Orb.
     0 | D:1      | Reached XP level 1. HP: 19/19 MP: 0/0
   134 | D:1      | Reached XP level 2. HP: 27/27 MP: 1/1
   438 | D:1      | Reached XP level 3. HP: 29/33 MP: 2/2
  1034 | D:2      | Noticed Robin
  1050 | D:2      | Killed Robin
  1051 | D:2      | Reached XP level 4. HP: 26/41 MP: 3/3
  1233 | D:2      | Identified the +5 scale mail of Tuegud Bufu {Rampage rN+
                  | Int+4 SInv}
  1348 | D:2      | You fall into a shaft and drop 1 floor!
  1393 | D:3      | Noticed Ijyb
  1395 | D:3      | Paralysed by Ijyb for 3 turns
  1405 | D:3      | Killed Ijyb
  1406 | D:3      | Reached skill level 5 in Fighting
  1417 | D:3      | Reached XP level 5. HP: 48/48 MP: 4/4
  1914 | D:3      | Reached XP level 6. HP: 51/56 MP: 5/5
  2809 | D:4      | Reached skill level 5 in Axes
  2833 | D:4      | Noticed Eustachio
  2866 | D:4      | Killed Eustachio
  2867 | D:4      | Reached skill level 5 in Armour
  2867 | D:4      | Reached skill level 5 in Shields
  2867 | D:4      | Reached XP level 7. HP: 39/64 MP: 6/6
  3032 | D:4      | Found a staircase to the Ecumenical Temple.
  3058 | Temple   | Entered the Ecumenical Temple
  3062 | Temple   | Became a worshipper of Cheibriados the Contemplative
  3733 | D:5      | Entered Level 5 of the Dungeon
  3980 | D:5      | Reached skill level 1 in Invocations
  4829 | D:6      | Reached XP level 8. HP: 59/73 MP: 8/8
  4886 | D:6      | Reached * piety under Cheibriados
  5013 | D:6      | Identified the ring "Inouben" {Ice rPois rN+}
  6061 | D:7      | Found a blossoming altar of Fedhas.
  6151 | D:7      | Reached skill level 1 in Dodging
  6323 | D:7      | Reached ** piety under Cheibriados
  6329 | D:7      | Reached XP level 9. HP: 69/82 MP: 10/10
  7107 | D:8      | Found a flagged portal.
  7110 | D:8      | Noticed a two-headed ogre
  7111 | D:8      | Noticed Grum
  7122 | D:8      | Killed a two-headed ogre
  7176 | D:8      | Slain by Grum

Illustrated notes

Levels and vault maps discovered:
D:1:      dpeg_arrival_rooms_with_view, layout_loops_ring, minmay_misc_feat_room
D:2:      layout_loops_ring, minmay_misc_feat_secret_circle,
          minmay_tetromino_s2, uniq_robin
D:3:      layout_loops_ring, grunt_decor_clamped, uniq_ijyb
D:4:      layout_loops_cross, minmay_temple_entry_ruins, uniq_eustachio
D:5:      layout_loops_cross
D:6:      hellmonk_crumbling_castle, layout_basic, portal_sewer_entry_e
D:7:      layout_loops_ring, mainiacjoe_overflow_alcove_2
D:8:      layout_rooms, minitemple, grunt_lair_entry_orc_guard_hut,
          enter_bailey_2, nicolae_custom_books, uniq_grum
Temple:   sentei_temple_godly_chess

Skill      XL: |  1  2  3  4  5  6  7  8  9 |
---------------+----------------------------+-----
Fighting       | 4 5 6 7 8 9 |  9.8
Axes           | 3 4 5 6 8 9 |  9.4
Shields        | 4 5 6 |  6.0
Armour         | 4 5 6 7 |  7.4
Invocations    | 1 3 4 |  4.0
Dodging        | 2 3 |  3.6

Action                     |  1- 3 |  4- 6 |  7- 9 || total
---------------------------+-------+-------+-------++-------
  Melee: War axe           |    83 |    99 |   183 ||   365
         Headbutt          |    11 |    16 |    30 ||    57
  Evoke: Wand              |       |       |     1 ||     1
    Use: Scroll            |       |       |    11 ||    11
         Potion            |       |       |     5 ||     5
   Stab: Fleeing           |       |       |     1 ||     1
 Armour: Scale mail        |    74 |    97 |   241 ||   412
         Skin              |       |       |    19 ||    19
  Dodge: Dodged            |    49 |    68 |   141 ||   258
  Block: Buckler           |    23 |    19 |    76 ||   118

Table legend: (Time is in decaauts)
 A = Elapsed time spent in this place.
 B = Non-inter-level travel time spent in this place.
 C = Inter-level travel time spent in this place.
 D = Time resting spent in this place.
 E = Time spent auto-exploring this place.
 F = Levels seen in this place.
 G = Mean time per level.
                   A        B        C        D        E       F      G
               +--------+--------+--------+--------+--------+-----+--------+
         Total |   8459 |   8255 |    204 |     70 |   7085 |   9 |  939.9 |
       Dungeon |   8449 |   8250 |    199 |     70 |   7085 |   8 | 1056.1 |
        Temple |      9 |      5 |      4 |      0 |      0 |   1 |    9.0 |
               +--------+--------+--------+--------+--------+-----+--------+

Top non-repeatable levels by time:
     D:6: 1817 daAuts
     D:7: 1441 daAuts
     D:5: 1137 daAuts
     D:4: 1118 daAuts
     D:1: 992 daAuts
     D:3: 977 daAuts
     D:2: 881 daAuts
     D:8: 84 daAuts
  Temple: 9 daAuts
